 Dungeon Crawl Stone Soup version 0.25-a0-44-g29a1220a87 (webtiles) character file.

Game seed: 2167059625496489392, levelgen mode: deterministic

228 MalarOregon the Conjurer (level 5, -5/42 HPs)
             Began as a Draconian Conjurer on Oct 23, 2019.
             Killed by nerve-wracking pain
             ... invoked by Grinder
              (9 damage)
             ... while paralysed by Grinder
             ... on level 3 of the Dungeon.
             The game lasted 00:07:49 (3531 turns).

MalarOregon the Conjurer (Draconian Conjurer)       Turns: 3531, Time: 00:07:50

Health: -5/42      AC:  5    Str: 10    XL:     5   Next: 70%
Magic:  8/8        EV:  2    Int: 16    God:
Gold:   231        SH:  0    Dex: 12    Spells: 8/9 levels left

rFire    . . .     SeeInvis .   i - +1 spear (venom)
rCold    . . .     Gourm    .   c - +0 buckler
rNeg     . . .     Faith    .   (armour unavailable)
rPois    .         Spirit   .   (helmet restricted)
rElec    .         Reflect  .   (no cloak)
rCorr    .         Harm     .   (no gloves)
MR       .....                  (no boots)
Stlth    ++........             (no amulet)
HPRegen  0.14/turn              (no ring)
MPRegen  0.11/turn              (no ring)

@: paralysed
A: unfitting armour, cold-blooded, AC +5
a: no special abilities


You were on level 3 of the Dungeon.
You were not hungry.

You visited 1 branch of the dungeon, and saw 3 of its levels.

You collected 231 gold pieces.

Inventory:

Hand Weapons
 i - a +1 spear of venom (weapon)
   (You found it on level 1 of the Dungeon)
Missiles
 f - 9 poisoned darts (quivered)
 j - a throwing net {!f}
Armour
 c - a +0 buckler (worn)
   (You found it on level 2 of the Dungeon)
Jewellery
 d - an uncursed ring of poison resistance {unknown}
   (You found it on level 2 of the Dungeon)
Scrolls
 a - 2 scrolls of fog {unknown}
 b - 4 scrolls of teleportation {unknown}
 g - a scroll of amnesia {unknown}
 h - 2 scrolls of identify {unknown}
 k - a scroll of noise {unknown}
 m - a scroll of magic mapping {unknown}
 o - 4 scrolls of remove curse {unknown}
Potions
 l - a potion of flight {unknown}
 p - a potion of heal wounds {@q2}
 q - a potion of curing {@q1}
Comestibles
 e - 8 rations {!d}
 n - a chunk of flesh


   Skills:
 * Level 2.7 Fighting
   Level 0.3 Short Blades
 + Level 1.3 Polearms
 * Level 1.5 Throwing
 * Level 3.0 Dodging
 - Level 1.7 Stealth
 + Level 1.0 Shields
 + Level 2.6 Spellcasting
 + Level 4.4 Conjurations


You had 8 spell levels left.
You knew the following spells:

 Your Spells              Type           Power        Failure   Level  Hunger
a - Magic Dart            Conj           ###.         4%          1    #......

Your spell library contained the following spells:

 Spells                   Type           Power        Failure   Level  Hunger
 Searing Ray              Conj           ###...       7%          2    ##.....
 Dazzling Spray           Conj/Hex       #.....       34%         3    ###....
 Iskenderun's Mystic Bla  Conj           ###.....     41%         4    #####..
 Force Lance              Conj/Tloc      #.......     75%         4    #####..
 Fulminant Prism          Conj/Hex       #.........   75%         4    #####..


Dungeon Overview and Level Annotations

Branches:
Dungeon (3/15)

Altars:
Fedhas
Yredelemnul

Annotations:
D:3 1 runed translucent door, Crazy Yiuf, Grinder


Innate Abilities, Weirdness & Mutations

Your plain brown scales are hard. (AC +5)
You cannot fit into any form of body armour.
You are cold-blooded and may be slowed by cold attacks.


Message History

Really walk into a travel-excluded area? [Y]es or [N]o only, please.
Really walk into a travel-excluded area? [Y]es or [N]o only, please.
Really walk into a travel-excluded area?
Okay, then.
The hobgoblin shouts!
You hear a shout!
Grinder says, "Don't move a muscle."
The hobgoblin hits you with a +0 club.
Unknown command.
Okay, then.
You hit the hobgoblin.
The hobgoblin is poisoned.
The hobgoblin barely misses you.
You closely miss the hobgoblin. You block the hobgoblin's attack.
You hit the hobgoblin.
You kill the hobgoblin!
You closely miss the hobgoblin.
The hobgoblin hits you but does no damage.
You hit the hobgoblin.
The hobgoblin is poisoned.
The hobgoblin misses you.
You closely miss the hobgoblin. You block the hobgoblin's attack.
You closely miss the hobgoblin.
You kill the hobgoblin!
You closely miss the goblin. The goblin barely misses you.
You hit the goblin.
The goblin is poisoned.
You block the goblin's attack.
You puncture the goblin!
You kill the goblin!
You closely miss Grinder. Grinder barely misses you.
You puncture Grinder! Grinder hits you!
You hit Grinder.
Grinder is poisoned.
Grinder barely misses you.
You hit Grinder.
You tail-slap Grinder, but do no damage.
Grinder hits you!
You barely miss Grinder. Grinder gestures at you.
You resist with significant effort.
You hit Grinder but do no damage.
Grinder looks as sick as possible!
Grinder hits you.
* * * LOW HITPOINT WARNING * * *
You writhe in agony.
* * * LOW HITPOINT WARNING * * *
You hit Grinder but do no damage.
Grinder looks as sick as possible!
Grinder gestures at you.
You suddenly lose the ability to move!
Grinder hits you!
* * * LOW HITPOINT WARNING * * *
You writhe in agony.
* * * LOW HITPOINT WARNING * * *
Grinder gestures at you. Pain shoots through your body!
You die...

#.##.######### #...#
#.... #.##^# #.#<#
#...# #....####
#.#.####...#
#.......#
##.#...(.>..#
#....##.#
.##.#..####..#
#.#..##.# ##.##.#>.#
#..# #.#..##.#
...##.#..# #...
#.#..##.#
######......#..# ##.#
#.#..##.#
#...5@....###..# #..
#.......###.#####...#
#..#######
###..####.....# ..#
#......... #..#
##.....## .#
##.####### #..#
#..g....... # #.#
#..# #......#### #.#
#..###.5....# ##.##
#.............
#...####
##.###.##......
#......#


You could see Grinder.

Vanquished Creatures
  Natasha (D:3)
  A worker ant (D:3)
  4 gnolls
  3 adders
  An ooze (D:1)
  5 worms
  6 dart slugs
  4 leopard geckos
  An orc (D:3)
  4 giant cockroaches
  7 goblins
  14 hobgoblins
  5 jackals (D:1)
  3 quokkas (D:2)
  A ball python (D:2)
  6 bats
  4 frilled lizards
  6 kobolds
  2 rats
78 creatures vanquished.

Notes
Turn   | Place    | Note
-------+----------+-------------------------------------------
     0 | D:1      | MalarOregon the Draconian Conjurer began the quest for the
                  | Orb.
     0 | D:1      | Reached XP level 1. HP: 14/14 MP: 3/3
   285 | D:1      | Reached skill level 1 in Fighting
   285 | D:1      | Reached XP level 2. HP: 20/23 MP: 1/5
   910 | D:1      | Reached XP level 3. HP: 28/28 MP: 6/6
  1433 | D:2      | Found a blossoming altar of Fedhas.
  2074 | D:2      | Reached XP level 4. HP: 36/36 MP: 7/7
  2368 | D:3      | Reached skill level 1 in Throwing
  2379 | D:2      | Reached skill level 1 in Polearms
  2908 | D:3      | Reached XP level 5. HP: 42/42 MP: 8/8
  3066 | D:3      | Noticed Grinder
  3141 | D:3      | Found a basalt altar of Yredelemnul.
  3273 | D:3      | Noticed Natasha
  3289 | D:3      | Killed Natasha
  3289 | D:3      | Reached skill level 1 in Shields
  3435 | D:3      | Found a runed translucent door.
  3436 | D:3      | Noticed Crazy Yiuf
  3529 | D:3      | Paralysed by Grinder for 6 turns
  3531 | D:3      | Killed from afar by Grinder

Levels and vault maps discovered:
D:1:      dpeg_arrival_more_subterranean_lakeside_camping, layout_loops_ring,
          palyth_stone_intersect
D:2:      layout_loops_cross, fedhas_altar_fruit_tree
D:3:      layout_loops_ring, yredelemnul_altar_generic, uniq_crazy_yiuf_cottage,
          uniq_grinder, uniq_natasha

Skill      XL: |  1  2  3  4  5 |
---------------+----------------+-----
Dodging        | 2 3 |  3.0
Fighting       | 1 2 |  2.7
Throwing       | 1 |  1.5
Polearms       | 1 |  1.3
Shields        | 1 |  1.0
Short Blades   | |  0.3
Stealth        | |  1.7
Spellcasting   | |  2.6
Conjurations   | |  4.4

Action                   |  1- 3 |  4- 6 || total
-------------------------+-------+-------++-------
Melee: Dagger            |    66 |       ||    66
       Tailslap          |    16 |     8 ||    24
       Spear             |    65 |   121 ||   186
Throw: Dart              |     8 |       ||     8
 Cast: Magic Dart        |    31 |    20 ||    51
  Use: Potion            |       |     1 ||     1
 Stab: Sleeping          |     3 |     5 ||     8
  Eat: Chunk             |     4 |     5 ||     9
Armor: Skin              |    27 |    16 ||    43
Dodge: Dodged            |    76 |    50 ||   126
Block: Buckler           |       |    17 ||    17

Table legend:
 A = Non-vault XP
 B = Vault XP
 C = Vault XP percentage of total XP
 D = Non-vault monster count
 E = Vault monster count
 F = Vault count percentage of total count
                 A         B        C        D         E       F
            +---------+---------+-------+---------+---------+-------
      Total |     291 |      35 |  10.7 |      77 |       1 |   1.3
            +---------+---------+-------+---------+---------+-------
        D:1 |      51 |       0 |   0.0 |      25 |       0 |   0.0
        D:2 |      90 |       0 |   0.0 |      28 |       0 |   0.0
        D:3 |     150 |      35 |  18.9 |      24 |       1 |   4.0
            +---------+---------+-------+---------+---------+-------
